 Dungeon Crawl Stone Soup version 0.16-a0-3913-g9d9d7ce (webtiles) character file.

308 DEFE the Slasher (level 6, 0/43 HPs)
             Began as a High Elf Fighter on Feb 4, 2015.
             Succumbed to a scorpion's poison
             ... on level 3 of the Dungeon.
             The game lasted 00:07:38 (2870 turns).

DEFE the Slasher (High Elf Fighter)                 Turns: 2870, Time: 00:07:38

Health: 0/43       AC: 10    Str: 17    XL:     6   Next: 17%
Magic:  10/10      EV:  4    Int: 12    God:
Gold:   90         SH:  9    Dex: 15    Spells: 0 memorised, 5 levels left

rFire  . . .     SeeInvis .     a - +0 long sword
rCold  . . .     Clarity  +     u - +0 chain mail
rNeg   . . .     SustAb   .     c - +0 shield
rPois  .         Gourm    .     (no helmet)
rElec  .         Spirit   .     (no cloak)
rCorr  .         Warding  .     v - +0 pair of gloves (curse)
rMut   .         Stasis   .     (no boots)
MR     +....                    o - amulet of clarity
Stlth  ..........               (no ring)
                                x - ring of protection from magic

@: lethally poisoned (0 -> -9), somewhat resistant to hostile enchantments,
extremely unstealthy
A: no striking features
a: no special abilities


You were on level 3 of the Dungeon.
You were not hungry.

You visited 1 branch of the dungeon, and saw 4 of its levels.

You collected 90 gold pieces.

Inventory:

Hand weapons
 a - a +0 long sword (weapon)
Armour
 b - a +0 scale mail
 c - a +0 shield (worn)
 u - a +0 chain mail (worn)
 v - a cursed +0 pair of gloves (worn)
Rods
 l - a +1 rod of clouds (3/9)
   (You found it on level 2 of the Dungeon)
Jewellery
 o - an amulet of clarity (around neck)
 x - a ring of protection from magic (left hand)
Scrolls
 f - a scroll of enchant armour {unknown}
 h - 5 scrolls of remove curse
 i - 3 scrolls of immolation {unknown}
 j - 2 scrolls of teleportation {unknown}
 k - a scroll of blinking {unknown}
 n - 3 scrolls of identify {unknown}
 p - a scroll of fear {unknown}
 s - a scroll of amnesia {unknown}
 w - a scroll of enchant weapon {unknown}
Potions
 e - a potion of might
 m - a potion of ambrosia
Books
 t - a Young Poisoner's Handbook

   Spells                             Type                      Level
   a - Sting                          Conjuration/Poison           1
   b - Cure Poison                    Poison                       2
   c - Mephitic Cloud                 Conjuration/Poison/Air       3
   d - Olgreb's Toxic Radiance        Poison                       4
   e - Venom Bolt                     Conjuration/Poison           5
Comestibles
 d - 3 bread rations
 q - a beef jerky
 r - a meat ration


   Skills:
 + Level 4.0 Fighting
 * Level 5.4 Long Blades
 + Level 3.6 Armour
 + Level 3.6 Shields


You had 5 spell levels left.
You didn't know any spells.

Dungeon Overview and Level Annotations

Branches:
Dungeon (4/15)
 Temple: D:4-7

Altars:
Cheibriados


Message History

* * * LOW HITPOINT WARNING * * *
You are lethally poisoned!
The scorpion poisons you!
Drink which item? (? for menu, Esc to quit)
It was a potion of ambrosia.
You feel momentarily confused.
You feel briefly invigorated.
* * * LOW HITPOINT WARNING * * *
You feel sick. The scorpion stings you.
* * * LOW HITPOINT WARNING * * *
Drink which item? (? for menu, Esc to quit)
It was a potion of restore abilities.
You feel refreshed.
* * * LOW HITPOINT WARNING * * *
You feel sick.
The scorpion stings you but does no damage.
Unknown command.
* * * LOW HITPOINT WARNING * * *
You feel sick.
* * * LOW HITPOINT WARNING * * *
You feel sick.
You die...

############## #............#
##################..........).#
..........>...................#
##########.###..######'########
...........# ##.# #.#########
...........# #.# #.........#
...........# #.## #.........#
(....)....)# #.@# ###.........#
...........# ##.###.......#####
...........# #s.##.......######
...........######.##.......##....
................#.#........##....
.................................
#######....####.#.#.##.######....
...........####.#...##.# #....
########............##.# #...#


You could see a scorpion.

Vanquished Creatures
  A scorpion (D:4)
  An orc priest (D:3)
  A crimson imp (D:3)
  2 orc wizards (D:3)
  3 adders (D:3)
  5 gnolls
  2 worms
  3 giant geckos
  2 oozes
  5 orcs (D:3)
  3 giant cockroaches (D:3)
  4 hobgoblins
  9 kobolds
  A quokka (D:2)
  A ball python (D:3)
  11 bats
  5 giant newts
  A goblin (D:2)
  8 rats
68 creatures vanquished.

Notes
Turn   | Place    | Note
--------------------------------------------------------------
     0 | D:1      | DEFE, the High Elf Fighter, began the quest for the Orb.
     0 | D:1      | Reached XP level 1. HP: 16/16 MP: 2/2
    42 | D:1      | Reached XP level 2. HP: 21/21 MP: 3/3
   329 | D:1      | Reached XP level 3. HP: 26/26 MP: 5/5
   397 | D:2      | Identified a +1 rod of clouds (9/9) (You found it on level 2 of the Dungeon)
   966 | D:2      | Found a snail-covered altar of Cheibriados.
  1260 | D:3      | Reached skill level 4 in Long Blades
  1260 | D:3      | Reached XP level 4. HP: 27/31 MP: 7/7
  1970 | D:3      | Reached XP level 5. HP: 32/37 MP: 8/8
  1975 | D:3      | Reached skill level 5 in Long Blades
  2673 | D:4      | Reached XP level 6. HP: 37/43 MP: 10/10
  2743 | D:4      | Noticed an ogre
  2868 | D:3      | HP: 2/43 [poisoned by a scorpion]
  2870 | D:3      | Succumbed to a scorpion's poison

Action                   |  1- 3 |  4- 6 || total
-------------------------+-------+-------++-------
Melee: Long sword        |   128 |   150 ||   278
Evoke: Rod               |     2 |     2 ||     4
  Use: Scroll            |     1 |       ||     1
       Potion            |       |     3 ||     3
  Eat: Chunk             |     2 |     2 ||     4
       Fruit             |       |     3 ||     3
       Meat ration       |       |     1 ||     1
